Selects Australian Defense Battlegroup
Selects Australian Defense Battlegroup
Selects Australian Light Infantry Section
Australian Light Infantry Section
Construct Section Command Post
Australian Light Infantry Section
Australian Light Infantry Section
Selects Defensive Tactics
Construct Platoon Command Post
Unlock Bishop Self-propelled Artillery
Selects CMP 15cwt Supply Run
Construct Company Command Post
Selects Reinforced Resource Caches
Selects Charged Creeping Barrage
Unlock M3 Grant Medium Tanks